 Dungeon Crawl Stone Soup version 0.31.0-9-g3a7656b989 (webtiles) character file.

Game seed: 9743731548206211096

263 qw the Skirmisher (level 5, -4/30 HPs)
             Began as a Deep Elf Hunter on Feb 2, 2024.
             Incinerated by a bombardier beetle (6 damage)
             ... with a burning spray
             ... on level 3 of the Dungeon.
             The game lasted 00:00:08 (1882 turns).

qw the Skirmisher (Deep Elf Hunter)                 Turns: 1882, Time: 00:00:09

Health: -4/30      AC:  8    Str: 10    XL:     5   Next: 98%
Magic:  7/7        EV: 11    Int: 14    God:
Gold:   170        SH:  0    Dex: 18    Spells: 4/4 levels left

rFire   . . .        a - +0 shortbow
rCold   + . .        (shield currently unavailable)
rNeg    . . .        c - +0 ring mail {rC+}
rPois   +            (no helmet)
rElec   .            (no cloak)
rCorr   .            (no gloves)
SInv    .            i - +2 pair of boots
Will    .....        (no amulet)
Stlth   +            f - ring of poison resistance
HPRegen 0.25/turn    (no ring)
MPRegen 0.10/turn

%: no passive effects
@: on fire, glowing
A: no striking features
a: no special abilities


You were on level 3 of the Dungeon.
You visited 1 branch of the dungeon, and saw 5 of its levels.

You collected 170 gold pieces.


   Skills:
 - Level 2.0 Fighting
 + Level 9.3 Ranged Weapons
 - Level 2.4 Dodging
 - Level 1.2 Stealth


You had 4 spell levels left.
You didn't know any spells.
Your spell library was empty.

Inventory:

Hand Weapons
 a - a +0 shortbow (weapon)
Armour
 c - a +0 ring mail of cold resistance (worn)
 i - a +2 pair of boots (worn)
Jewellery
 f - a ring of poison resistance (left hand)
 h - a ring of fire
Scrolls
 d - a scroll of teleportation
Potions
 b - a potion of mutation
 e - a potion of curing {unknown}
 j - a potion of heal wounds

Dungeon Overview and Level Annotations

Branches:
Dungeon (5/15)
 Temple: D:4-7

Altars:
Dithmenos

Shops:
D:2 *   D:5 (

Annotations:
D:4 1 runed translucent door, Crazy Yiuf


Message History

The goblin shouts!
The arrow hits the goblin.
The goblin is moderately wounded.
You shoot an arrow. The arrow hits the goblin.
You kill the goblin!
A bombardier beetle comes into view.
You shoot an arrow. The arrow hits the bombardier beetle.
The bombardier beetle is moderately wounded.
You shoot an arrow. The arrow hits the bombardier beetle.
The bombardier beetle is moderately wounded.
You hear a shout!
A kobold comes into view.
It is wielding a +0 short sword and quivering poisoned darts.
You shoot an arrow. The arrow hits the bombardier beetle.
The bombardier beetle is severely wounded.
You shoot an arrow. The arrow hits the bombardier beetle.
The bombardier beetle is almost dead.
The bombardier beetle sprays incendiary fluid at you.
The burning spray hits you.
You are covered in liquid fire!
You shoot an arrow. The arrow hits the bombardier beetle.
You kill the bombardier beetle!
The liquid fire burns you!
You shoot an arrow. The arrow hits the kobold!
You kill the kobold!
The liquid fire burns you!
You are on fire!
The liquid fire burns you!
You are on fire!
The liquid fire burns you!
You are on fire!
The liquid fire burns you!
You are on fire!
The liquid fire burns you!
You are on fire!
The liquid fire burns you!
You are on fire!
The liquid fire burns you!
You are on fire!
The liquid fire burns you!
You die...

#.......# ##.######.#
#######.# ### #.#
##'## #.# ##...## #.#
##.....## ###.#
##.......## ##.#.##
###.........####.....#
..'.........'......#.#
###.........####@....#
..##.......## #.....#
#.###^....## #.##...#
# ##...## ..#..#.# .#
##'## .....)..# #.#
#.# #.#$#.#..# ..# #.#
..... ..# #.## ##.##
#.#.#. ##.###...##...


There were no monsters in sight!

Vanquished Creatures
  A black bear (D:5)
  A jelly (D:5)
  A bombardier beetle (D:3)
  An orc wizard (D:5)
  3 adders
  3 dart slugs
  2 ribbon worms
  7 orcs
  3 ball pythons
  A bat (D:1)
  4 endoplasms
  A giant cockroach (D:1)
  3 hobgoblins
  A frilled lizard (D:3)
  6 goblins
  3 kobolds
  13 rats
54 creatures vanquished.

Notes
Turn   | Place    | Note
-------+----------+-------------------------------------------
     0 | D:1      | qw the Deep Elf Hunter began the quest for the Orb.
     0 | D:1      | Reached XP level 1. HP: 12/12 MP: 3/3
     0 | D:1      | 0 ||| qw: Version: 0.3-a-155-g5e7d8dd
     0 | D:1      | 0 ||| qw: Game counter: 1241
     0 | D:1      | 0 ||| qw: Melee chars always use a shield: true
     0 | D:1      | 0 ||| qw: God list: Okawaru
     0 | D:1      | 0 ||| qw: Allow faded altars: false
     0 | D:1      | 0 ||| qw: Do Orc after clearing Dungeon:15 true
     0 | D:1      | 0 ||| qw: Do second Lair branch before Depths: true
     0 | D:1      | 0 ||| qw: Lair rune preference: random
     0 | D:1      | 0 ||| qw: Goals: Normal
     0 | D:1      | 0 ||| PLANNING D:1-11
   147 | D:1      | Reached XP level 2. HP: 16/16 MP: 4/4
   170 | D:1      | Reached skill level 6 in Ranged Weapons
   572 | D:1      | 572 ||| UPGRADING to +0 ring mail.
   582 | D:1      | 582 ||| DROPPING +0 leather armour.
   583 | D:1      | 583 ||| UPGRADING to ring of poison resistance.
   584 | D:1      | 584 ||| READING scroll labelled UWAFEFR NANIE.
   584 | D:1      | Identified a scroll of acquirement
   584 | D:1      | 584 ||| ACQUIRING +1 pair of boots of rampaging
   584 | D:1      | Acquired a +1 pair of boots of rampaging
   586 | D:1      | 586 ||| UPGRADING to +1 pair of boots of rampaging.
   591 | D:1      | 591 ||| READING scroll labelled PONEAG UNKO.
   596 | D:1      | 596 ||| DROPPING scroll of butterflies.
   728 | D:2      | Found a shadowy altar of Dithmenos.
   753 | D:2      | Found Omanipp's General Store.
   763 | D:2      | 763 ||| SHOPLISTING wand of mindburst (10) (154 gold, have
                  | 85).
   842 | D:2      | Reached XP level 3. HP: 20/20 MP: 5/5
   999 | D:2      | 999 ||| UPGRADING to +2 pair of boots.
  1009 | D:2      | 1009 ||| DROPPING +1 pair of boots of rampaging.
  1010 | D:2      | 1010 ||| READING scroll labelled ZEOZUE XAMEDYCH.
  1111 | D:2      | 1111 ||| READING scroll labelled VOCUJY ZIKHU.
  1111 | D:2      | 1111 ||| IDENTIFYING green potion
  1112 | D:2      | 1112 ||| READING scroll labelled KAYG WOSA.
  1113 | D:2      | 1113 ||| READING scroll labelled KOXKOA SESS.
  1114 | D:2      | 1114 ||| DRINKING 2 brown potions.
  1115 | D:2      | 1115 ||| DROPPING potion of degeneration.
  1262 | D:3      | Reached skill level 7 in Ranged Weapons
  1333 | D:3      | You fall into a shaft and drop 2 floors!
  1333 | D:5      | Entered Level 5 of the Dungeon
  1349 | D:5      | Found Roycinot's Antique Weapon Emporium.
  1358 | D:5      | Noticed a black bear
  1368 | D:5      | Killed a black bear
  1369 | D:5      | Reached skill level 8 in Ranged Weapons
  1369 | D:5      | Reached XP level 4. HP: 13/25 MP: 6/6
  1369 | D:5      | Reached XP level 5. HP: 15/29 MP: 7/7
  1456 | D:5      | 1456 ||| READING scroll of identify.
  1456 | D:5      | 1456 ||| IDENTIFYING white potion
  1463 | D:5      | Reached skill level 9 in Ranged Weapons
  1524 | D:4      | Found a runed translucent door.
  1525 | D:4      | Noticed Crazy Yiuf
  1602 | D:4      | 1602 ||| UPGRADING to +0 ring mail of cold resistance.
  1612 | D:4      | 1612 ||| DROPPING +0 ring mail.
  1644 | D:3      | Found a faded altar of an unknown god.
  1880 | D:3      | HP: 6/30 [burnt (4)]
  1881 | D:3      | HP: 2/30 [burnt (4)]
  1882 | D:3      | Incinerated by a bombardier beetle

Levels and vault maps discovered:
D:1:      minmay_arrival_three_doors, layout_loops_ring
D:2:      layout_rooms, basic_altar, serial_shops, nicolae_diamond_shop
D:3:      layout_loops_corners, nemelex_spade_bored_becter, serial_glass,
          glass_columns_b, glass_columns_c,
          dreamdust_ecumenical_altar_hidden_monk_grotto, st_stairs_11
D:4:      layout_loops_ring, overflow_temple_1_default,
          minmay_temple_entry_overgrown, uniq_crazy_yiuf_cottage, uniq_grinder,
          uniq_ijyb
D:5:      layout_gridville, serial_shops, nicolae_shop_peninsula,
          nicolae_inconvenience_store, nicolae_diamond_shop, shop

Skill      XL: |  1  2  3  4  5 |
---------------+----------------+-----
Ranged Weapons | 6 8 9 |  9.3
Fighting       | 2 |  2.0
Dodging        | |  2.4
Stealth        | |  1.2

Action                     |  1- 3 |  4- 6 || total
---------------------------+-------+-------++-------
   Fire: Shortbow          |   116 |    59 ||   175
    Use: Scroll            |     6 |     1 ||     7
         Potion            |     1 |       ||     1
 Armour: Leather armour    |     7 |       ||     7
         Ring mail         |    25 |    13 ||    38
  Dodge: Dodged            |    38 |     6 ||    44

Table legend:
 A = Non-vault XP
 B = Vault XP
 C = Vault XP percentage of total XP
 D = Non-vault monster count
 E = Vault monster count
 F = Vault count percentage of total count
                 A         B        C        D         E       F
            +---------+---------+-------+---------+---------+-------
      Total |     373 |       4 |   1.1 |      51 |       3 |   5.6
            +---------+---------+-------+---------+---------+-------
        D:1 |      30 |       0 |   0.0 |      19 |       0 |   0.0
        D:2 |      13 |       0 |   0.0 |       8 |       0 |   0.0
        D:3 |      99 |       4 |   3.9 |      15 |       3 |  16.7
        D:4 |      20 |       0 |   0.0 |       3 |       0 |   0.0
        D:5 |     211 |       0 |   0.0 |       6 |       0 |   0.0
            +---------+---------+-------+---------+---------+-------
